 Dungeon Crawl Stone Soup version 0.31-a0-496-g6f97920a28 (webtiles) character file.

Game seed: 16562029436785664845

10 kae the Changeling (level 2, -1/23 HPs)
             Began as a Draconian Shapeshifter on Aug 8, 2023.
             Slain by a jackal (3 damage)
             ... on level 1 of the Dungeon.
             The game lasted 00:00:16 (127 turns).

kae the Changeling (Draconian Shapeshifter)          Turns: 127, Time: 00:00:16

Health: -1/23      AC:  4    Str: 17    XL:     2   Next: 10%
Magic:  2/2        EV: 12    Int:  8    God:
Gold:   0          SH:  0    Dex: 11    Spells: 1/1 levels left

rFire   . .          .
                       - Unarmed
rCold   . . .        (no shield)
rNeg    . . .        (body armour unavailable)
rPois   .            (helmet currently unavailable)
rElec   .            (cloak currently unavailable)
rCorr   .            (gloves currently unavailable)
SInv    .            (boots currently unavailable)
Will    .....        (no amulet)
Stlth   +            (no ring)
HPRegen 0.23/turn    (no ring)
MPRegen 0.08/turn

%: no passive effects
@: beast-form
A: beast (slay +2), AC +4, unfitting armour, cold-blooded
a: Begin Untransformation


You were on level 1 of the Dungeon.
You were a hulking beast.
You visited 1 branch of the dungeon, and saw 1 of its levels.


Innate Abilities, Weirdness & Mutations

You are a hulking beast.
Your limbs bulge with bestial killing power. (Slay +2)
Your plain brown scales are hard. (AC +4)
You cannot fit into any form of body armour.
You are cold-blooded and may be slowed by cold attacks.


   Skills:
 - Level 1.1 Fighting
 - Level 1.7 Dodging
 + Level 3.2 Unarmed Combat
 * Level 3.3 Shapeshifting


You had one spell level left.
You didn't know any spells.
Your spell library contained the following spells:

 Spells                   Type           Power      Damage    Failure   Level
 Poisonous Vapours        Pois/Air       0%         N/A       54%         2
 Mephitic Cloud           Conj/Pois/Air  0%         N/A       78%         3
 Freezing Cloud           Conj/Ice/Air   0%         6-21      100%        5

Inventory:

Talismans
 b - a beast talisman (active)
 c - a flux talisman
Scrolls
 d - a scroll of immolation {unknown}
 e - a scroll of enchant weapon {unknown}
Potions
 a - a potion of lignification {!q}

Dungeon Overview and Level Annotations

Branches:
Dungeon (1/15) Zot: 5873

Altars:

Shops:
D:1

[ ♣#..#.....#..♣♣
#.......#. ♣..###+###..#
#..........
♣...........♣###.###.....
♣............##..#∩#.##..
♣♣###.♣.##♣#♣.# '# ##.##♣
♣..##.#>..
####♣#♣.####........
....................
#..hh...........)
#.....hg............
###................#
#.................
#.................
#.................
##...............
.......#......


You could see 2 jackals and a hobgoblin.


Message History

You take 3 damage, and now have 13/16 hp.
A ball python is nearby!
You punch the ball python!
You kill the ball python!
No target in view!
A frilled lizard comes into view.
The frilled lizard hisses angrily.
A ball python comes into view.
The ball python hisses angrily.
The ball python barely misses you.
The ball python closely misses you. 😕 HP[+1]
There are monsters nearby!
You closely miss the ball python.
Your tail-slap misses the ball python.
The ball python bites you. The ball python grabs you.
The ball python constricts you.
You are too injured to fight recklessly! 😮 HP[-4]
You take 4 damage, and now have 10/16 hp.
MASSIVE DAMAGE!! (PAUSE)
You completely miss the ball python. You tail-slap the ball python.
You kill the ball python!
The frilled lizard bites you but does no damage.
The frilled lizard attacks as you move away!
The frilled lizard completely misses you. 😮 HP[+1] Unknown command.
You hit the frilled lizard but do no damage.
The frilled lizard bites you but does no damage.
You hit the frilled lizard.
You kill the frilled lizard!
You see here a frilled lizard corpse.
Unknown command.
You see here a +0 sling.
e - a scroll labelled ISIERAJONA 😎 HP[+5]
Your hp is fully restored (16).
Unknown command.
A bat and an endoplasm come into view.
Found an escape hatch in the floor.
Unknown command.
There are monsters nearby!
There are monsters nearby!
The endoplasm quivers.
The bat misses you.
You hit the bat.
You kill the bat!
An endoplasm is nearby!
A jackal comes into view.
The endoplasm freezes you.
You are frozen.
You punch the endoplasm!
You kill the endoplasm!
You have reached level 2! 😕 HP[+4] MP[+1]
You now have 23 max hp (+7).
You regained 4 hp, and now have 20/23 hp.
Your mp is fully restored (2).
A hobgoblin comes into view. It is wielding a +0 mace.
The jackal barks!
The hobgoblin shouts!
A jackal comes into view.
A jackal comes into view.
There are monsters nearby! 😕 HP[+1]
The jackal barks!
The jackal misses you.
You closely miss the jackal.
The jackal barks!
Your punch misses the jackal. The jackal barely misses you.
There are monsters nearby!
You hit the jackal.
Your tail-slap misses the jackal.
The jackal bites you but does no damage.
You hit the jackal. You tail-slap the jackal.
Your punch misses the jackal. 😕 HP[+1]
You hit the jackal.
You kill the jackal!
The jackal bites you. The hobgoblin hits you with a +0 mace.
The jackal barely misses you.
You closely miss the jackal. The jackal barely misses you.
The jackal misses you. The jackal barely misses you.
The hobgoblin hits you with a +0 mace.
* * * LOW HITPOINT WARNING * * *
There are monsters nearby!
You are too injured to fight recklessly!
You are too injured to fight recklessly! 😨 HP[-11]
You take 11 damage, and now have 11/23 hp.
MASSIVE DAMAGE!! (PAUSE)
You closely miss the jackal. The jackal barely misses you.
The jackal closely misses you. The hobgoblin hits you with a +0 mace!
* * * LOW HITPOINT WARNING * * *
😱 HP[-10]
You take 10 damage, and now have 1/23 hp.
MASSIVE DAMAGE!! (PAUSE)
You miss the jackal. The jackal barely misses you.
The jackal misses you. 😱 HP[+1] Unknown command.
Okay, then.
You hit the jackal. The jackal closely misses you. The jackal bites you.
You die...

Action                     || total
---------------------------++-------
  Melee: Unarmed           ||    25
         Tailslap          ||     3
 Armour: Skin              ||     4
  Dodge: Dodged            ||    21

Levels and vault maps discovered:
D:1:      saegor_arrival_under_anarchy, layout_rooms, serial_shops,
          nicolae_shop_tiny_glass, nicolae_shop_waterfront, shop, shop,
          nicolae_shop_statue_plus

Notes
Turn   | Place    | Note
-------+----------+-------------------------------------------
     0 | D:1      | kae the Draconian Shapeshifter began the quest for the Orb.
     0 | D:1      | Reached XP level 1. HP: 16/16 MP: 1/1
     0 | D:1      | magus.rc [v1.11.3]
    21 | D:1      | You pick up a book of Vapours and begin reading...
    21 | D:1      | You add the spells Poisonous Vapours, Mephitic Cloud and
                  | Freezing Cloud to your library.
    27 | D:1      | Found Entamil's Antique Armour Shop.
   117 | D:1      | Reached XP level 2. HP: 20/23 MP: 2/2
   125 | D:1      | HP: 1/23 [hobgoblin/+0 mace (10)]
   127 | D:1      | Slain by a jackal

Vanquished Creatures
  2 ball pythons (D:1)
  A bat (D:1)
  An endoplasm (D:1)
  A goblin (D:1)
  A hobgoblin (D:1)
  A jackal (D:1)
  A frilled lizard (D:1)
  A kobold (D:1)
9 creatures vanquished.

Table legend:
 A = Non-vault XP
 B = Vault XP
 C = Vault XP percentage of total XP
 D = Non-vault monster count
 E = Vault monster count
 F = Vault count percentage of total count
                 A         B        C        D         E       F
            +---------+---------+-------+---------+---------+-------
      Total |      15 |       0 |   0.0 |       9 |       0 |   0.0
            +---------+---------+-------+---------+---------+-------
        D:1 |      15 |       0 |   0.0 |       9 |       0 |   0.0
            +---------+---------+-------+---------+---------+-------

Action                     || total
---------------------------++-------
  Melee: Unarmed           ||    25
         Tailslap          ||     3
 Armour: Skin              ||     4
  Dodge: Dodged            ||    21

Illustrated notes

Table legend:
 A = Kills in this place as a percentage of kills in the entire game.
 B = Kills by you in this place as a percentage of kills by you in the entire game.
 C = Kills by friends in this place as a percentage of kills by friends in the entire game.
 D = Other kills in this place as a percentage of other kills in the entire game.
 E = Experience gained in this place as a percentage of experience gained in the entire game.
 F = Experience gained in this place divided by the number of levels of this place that you have seen.
                   A       B       C       D       E      F
               +-------+-------+-------+-------+-------+----------------------
         Total | 100.0 | 100.0 |   N/A |   N/A | 100.0 |  15.0
       Dungeon | 100.0 | 100.0 |   N/A |   N/A | 100.0 |  15.0
               +-------+-------+-------+-------+-------+----------------------

Table legend: (Time is in decaauts)
 A = Elapsed time spent in this place.
 B = Non-inter-level travel time spent in this place.
 C = Inter-level travel time spent in this place.
 D = Time resting spent in this place.
 E = Time spent auto-exploring this place.
 F = Levels seen in this place.
 G = Mean time per level.
                   A        B        C        D        E       F      G
               +--------+--------+--------+--------+--------+-----+--------+
         Total |    125 |    125 |      0 |      0 |     78 |   1 |  125.0 |
       Dungeon |    125 |    125 |      0 |      0 |     78 |   1 |  125.0 |
               +--------+--------+--------+--------+--------+-----+--------+

Top non-repeatable levels by time:
     D:1: 125 daAuts
